 Seeded DCSS version 0.28-a0-1616-g050a50673c (webtiles) character file.

Game seed: 12425884775959184874 (custom seed)

634 Zonian the Ducker (level 7, -13/45 HPs)
             Began as a Djinni Ice Elementalist on Jan 23, 2022.
             Was a Follower of Ru.
             Mangled by a gnoll sergeant (15 damage)
             ... on level 5 of the Dungeon.
             The game lasted 00:15:01 (8318 turns).

Zonian the Ducker (Djinni Ice Elementalist)         Turns: 8318, Time: 00:15:02

Health: -13/45     AC: -1    Str: 13    XL:     7   Next: 79%
Gold:   165        EV: 13    Int: 19    God:    Ru [*.....] SH:  0 Dex: 13

rFire   + + +      SeeInvis .   s - +9 dagger of the Mind {vorpal, rF+ MP+9}
rCold   x . .      Faith    .   (no shield)
rNeg    . . .      Spirit   .   t - +0 leather armour
rPois   ∞          Reflect  .   (no helmet)
rElec   .          Harm     .   (no cloak)
rCorr   .          Rampage  .   (no gloves)
Will    .....                   (boots unavailable)
Stlth   ++........              (no amulet)
HPRegen 0.15/turn               f - +6 ring of strength
MPRegen 0.00/turn               c - ring of wizardry

@: flying
A: sickness immunity, fire resistance 2, cold vulnerability 1, reduced AC 1,
float, innate caster, hp casting, extra vitality 1
a: Renounce Religion


You were on level 5 of the Dungeon.
You worshipped Ru.
Ru was aware of your devotion.
You visited 1 branch of the dungeon, and saw 5 of its levels.

You collected 165 gold pieces.

Inventory:

Hand Weapons
 d - a +0 hand crossbow
 e - a +0 dagger
 l - a +0 hunting sling
 s - the +9 dagger of the Mind (weapon) {vorpal, rF+ MP+9}
   (You found it on level 4 of the Dungeon)

   It inflicts extra damage upon your enemies.
   rF:        It protects you from fire.
   MP:        It affects your magic capacity (+9).
Missiles
 g - 3 boomerangs of dispersal
 m - 22 sling bullets
 n - 77 stones
 r - 12 bolts
 v - 5 poisoned darts
Armour
 a - a +0 robe
 t - a +0 leather armour (worn)
Magical Staves
 u - a staff of air
Jewellery
 c - a ring of wizardry (right hand)
 f - a +6 ring of strength (left hand)
Scrolls
 i - a scroll of acquirement {unknown}
 k - a scroll of silence
 o - 3 scrolls of fear
Potions
 b - 2 potions of curing
 h - a potion of cancellation {unknown}
 p - a potion of degeneration {unknown}
 q - a potion of resistance {unknown}
 x - a potion of magic {unknown}


   Skills:
 + Level 1.5 Short Blades
 + Level 2.1 Armour
 + Level 5.0 Dodging
 + Level 4.0 Stealth
 + Level 4.5 Spellcasting


You couldn't memorise any spells.
You knew the following spells:

 Your Spells              Type           Power      Damage    Failure   Level
a - Freeze                Ice            84%        1d10      1%          1
b - Frozen Ramparts       Ice            42%        1d6       3%          3
c - Ozocubu's Armour      Ice            21%        N/A       3%          3
d - Hailstorm             Conj/Ice       21%        3d6       11%         4
e - Foxfire               Conj/Fire      84%        2x1d8     1%          1
f - Searing Ray           Conj           42%        2d6       1%          2
g - Teleport Other        Tloc           21%        N/A       3%          3
Your spell library was empty.

Dungeon Overview and Level Annotations

Branches:
Dungeon (5/15)
 Temple: D:4-7

Altars:
Fedhas
Ru

Annotations:
D:3 exclusion: oklob plant


Innate Abilities, Weirdness & Mutations

You are immune to sickness and miasma.
You are immune to poison.
Your flesh is very heat resistant. (rF++)
You are vulnerable to cold. (rC-)
You take slightly more damage. (AC -5)
You float through the air rather than walking.
You learn spells naturally, not from books.
Your magical power is your life essence.
You have superior vitality. (+4 MHP)


Message History

You kill the gnoll!
The wall freezes the gnoll sergeant.
A gnoll comes into view. It is wielding a +0 spear.
Your Dodging skill increases to level 5!
The searing ray hits the gnoll sergeant!
The gnoll sergeant is heavily wounded.
The wall freezes the gnoll sergeant.
The gnoll sergeant hits you from afar with a +6 spear of venom!
Unknown command.
The searing ray hits the gnoll sergeant but does no damage.
The gnoll sergeant is heavily wounded.
The searing ray misses the gnoll.
You finish channelling your searing ray.
The wall freezes the gnoll sergeant.
The gnoll sergeant misses you.
Unknown command.
Casting: Searing Ray (safe; 1% risk of failure)
Confirm with . or Enter, or press ? or * to list all spells.
Aiming: Searing Ray (safe; 1% risk of failure)
Press: ? - help, Shift-Dir - straight line, f - gnoll
Aim: a gnoll, wielding a +0 flail (moderately wounded, 81% to hit)
The searing ray hits the gnoll!
You kill the gnoll!
The searing ray hits the gnoll sergeant but does no damage.
The gnoll sergeant is severely wounded.
The searing ray hits the gnoll.
The gnoll is moderately wounded.
The searing ray hits the gnoll!
The gnoll is severely wounded. (Press . to maintain the ray.)
The wall freezes the gnoll.
The wall freezes the gnoll sergeant.
The gnoll sergeant hits you from afar with a +6 spear of venom!!
* * * LOW HITPOINT WARNING * * *
You feel better.
The frozen ramparts melt away.
The gnoll sergeant hits you from afar with a +6 spear of venom.
* * * LOW HITPOINT WARNING * * *
Okay, then.
You feel better. The gnoll hits you with a +0 club!
* * * LOW HITPOINT WARNING * * *
The gnoll sergeant hits you from afar with a +6 spear of venom!
You die...

#.......##......#
#.......##......######
<...................>#
#.......##.......#####
##########.......#
#.......# #######.#
#######.#####
#....gg@....#
#.##.g......#
#$.$.....# #........#
#........# ##########


You could see a gnoll sergeant and 2 gnolls.

Vanquished Creatures
  2 necrophages (D:5)
  A water moccasin zombie (D:5)
  A scorpion (D:5)
  2 water moccasin skeletons
  A hound (D:4)
  An orc priest (D:3)
  A bullfrog skeleton (D:5)
  2 iguanas (D:4)
  2 gnolls (D:5)
  3 adders
  A dart slug (D:1)
  4 orcs
  5 bats
  12 endoplasms
  3 giant cockroaches
  6 goblins
  5 hobgoblins
  2 jackals (D:2)
  3 quokkas
  4 ball pythons
  5 frilled lizards
  4 kobolds
  5 rats
75 creatures vanquished.

Vanquished Creatures (others)
  17 foxfires
  A plant (D:2)
18 creatures vanquished.

Grand Total: 93 creatures vanquished

Notes
Turn   | Place    | Note
-------+----------+-------------------------------------------
     0 | D:1      | Zonian the Djinni Ice Elementalist began the quest for the
                  | Orb.
     0 | D:1      | Reached XP level 1. HP: 15/15 MP: 0/0
   360 | D:1      | Reached XP level 2. HP: 14/21 MP: 0/0
  1038 | D:1      | Reached XP level 3. HP: 24/25 MP: 0/0
  1038 | D:1      | Learned a level 1 spell: Foxfire
  2052 | D:2      | Reached skill level 3 in Dodging
  2067 | D:2      | Reached XP level 4. HP: 14/31 MP: 0/0
  2567 | D:2      | Found a faded altar of an unknown god.
  2599 | D:2      | Prayed at the altar of an unknown god.
  2599 | D:2      | Became a worshipper of Ru the Awakened
  2603 | D:2      | Gained mutation: You take slightly more damage. (AC -5) [Ru
                  | sacrifice]
  2603 | D:2      | Reached * piety under Ru
  4340 | D:3      | Reached XP level 5. HP: 35/35 MP: 0/0
  4340 | D:3      | Learned a level 2 spell: Searing Ray
  4798 | D:3      | Found a blossoming altar of Fedhas.
  4857 | D:3      | Noticed an oklob plant
  5523 | D:4      | Noticed an ogre
  5646 | D:4      | Identified the +9 dagger of the Mind {vorpal, rF+ MP+9}
  6149 | D:4      | Reached skill level 4 in Dodging
  6149 | D:4      | Reached XP level 6. HP: 12/40 MP: 0/0
  7031 | D:5      | Entered Level 5 of the Dungeon
  7037 | D:5      | Noticed a necrophage
  7102 | D:5      | Reached skill level 1 in Armour
  7610 | D:5      | Noticed a water moccasin
  7644 | D:5      | Killed a necrophage
  7645 | D:5      | Reached XP level 7. HP: 31/45 MP: 0/0
  7645 | D:5      | Learned a level 3 spell: Teleport Other
  7829 | D:5      | Reached skill level 1 in Short Blades
  8314 | D:5      | Reached skill level 5 in Dodging
  8316 | D:5      | HP: 1/45 [gnoll sergeant (19)]
  8318 | D:5      | Mangled by a gnoll sergeant

Illustrated notes

Levels and vault maps discovered:
D:1:      amcnicky_arrival_abandoned_market, layout_basic
D:2:      layout_basic, shapermc_ecumenical_altar_rom_forum
D:3:      layout_basic, tgw_fedhas, minivault_4
D:4:      layout_cave_pools
D:5:      layout_basic, uniq_sigmund, uniq_crazy_yiuf_cottage

Skill      XL: |  1  2  3  4  5  6  7 |
---------------+----------------------+-----
Stealth        | 2 3 4 |  4.0
Dodging        | 3 4 5 |  5.0
Spellcasting   | 4 |  4.5
Armour         | 1 2 |  2.1
Short Blades   | 1 |  1.5

Action                   |  1- 3 |  4- 6 |  7- 9 || total
-------------------------+-------+-------+-------++-------
Melee: Dagger            |    32 |    52 |     7 ||    91
       Punch             |     1 |       |       ||     1
Throw: Boomerang         |       |     1 |       ||     1
 Cast: Freeze            |    30 |    35 |       ||    65
       Foxfire           |     7 |     3 |       ||    10
       Searing Ray       |       |     3 |     5 ||     8
       Ozocubu's Armour  |       |     2 |     1 ||     3
       Frozen Ramparts   |       |     1 |     2 ||     3
Invok: Sacrifice Health  |       |     1 |       ||     1
  Use: Potion            |       |     4 |     2 ||     6
       Scroll            |       |     7 |       ||     7
 Stab: Sleeping          |     1 |     4 |       ||     5
Armor: Robe              |    10 |     5 |       ||    15
       Skin              |       |     7 |       ||     7
       Leather armour    |       |     1 |     1 ||     2
Dodge: Dodged            |    43 |    52 |    13 ||   108

Table legend: (Time is in decaauts)
 A = Elapsed time spent in this place.
 B = Non-inter-level travel time spent in this place.
 C = Inter-level travel time spent in this place.
 D = Time resting spent in this place.
 E = Time spent auto-exploring this place.
 F = Levels seen in this place.
 G = Mean time per level.
                   A        B        C        D        E       F      G
               +--------+--------+--------+--------+--------+-----+--------+
         Total |   8333 |   8037 |    296 |   4102 |   2538 |   5 | 1666.6 |
       Dungeon |   8333 |   8037 |    296 |   4102 |   2538 |   5 | 1666.6 |
               +--------+--------+--------+--------+--------+-----+--------+

Top non-repeatable levels by time:
     D:1: 2264 daAuts
     D:3: 2061 daAuts
     D:4: 1497 daAuts
     D:2: 1299 daAuts
     D:5: 1210 daAuts
